 Dungeon Crawl Stone Soup version 0.27-a0-1287-gca74d27db6 (webtiles) character file.

Game seed: 5781940714282980619

240 avis the Covered (level 6, 0/50 HPs)
             Began as a Gnoll Wanderer on June 15, 2021.
             Slain by Duvessa (8 damage)
             ... on level 3 of the Dungeon.
             The game lasted 00:10:10 (3258 turns).

avis the Covered (Gnoll Wanderer)                   Turns: 3258, Time: 00:10:11

Health: 0/50       AC:  9    Str: 13    XL:     6   Next: 8%
Magic:  8/8        EV:  9    Int: 11    God:
Gold:   131        SH:  0    Dex: 12    Spells: 8/8 levels left

rFire    . . .     SeeInvis .   a - +2 whip (vamp)
rCold    . . .     Faith    .   (no shield)
rNeg     . . .     Spirit   .   c - +2 scale mail
rPois    .         Reflect  .   (no helmet)
rElec    .         Harm     .   (no cloak)
rCorr    .         Rampage  .   (no gloves)
Will     .....                  (no boots)
Stlth    +.........             (no amulet)
HPRegen  0.16/turn              (no ring)
MPRegen  0.11/turn              (no ring)

@: no status effects
A: fangs 1, strong nose, distributed training
a: no special abilities


You were on level 3 of the Dungeon.
You visited 1 branch of the dungeon, and saw 4 of its levels.

You collected 131 gold pieces.

Inventory:

Hand Weapons
 a - a +2 vampiric whip (weapon)
 b - a +4 dagger of pain
 d - a +0 hand axe
 e - a +0 hunting sling
 u - a +0 spear
 w - a +1 dagger of venom
 z - a +2 vorpal flail
Missiles
 g - 28 arrows
 h - 20 sling bullets
 m - 4 poisoned darts (quivered)
 q - 18 stones
 t - 7 boomerangs
Armour
 c - a +2 scale mail (worn)
Wands
 v - a wand of paralysis (7)
Scrolls
 f - 5 scrolls of identify {unknown}
 j - a scroll of immolation {unknown}
 k - a scroll of silence {unknown}
 n - 2 scrolls of teleportation {unknown}
 p - a scroll of fear {unknown}
 r - a scroll of summoning {unknown}
 x - a scroll of brand weapon {unknown}
 y - a scroll of enchant armour {unknown}
Potions
 i - a potion of might {unknown}
 l - 3 potions of curing
 o - a potion of berserk rage {unknown}
 s - a potion of degeneration {unknown}
 A - a potion of flight {unknown}


   Skills:
 + Level 4.9 Fighting
 + Level 1.8 Short Blades
 + Level 1.8 Long Blades
 + Level 1.8 Axes
 + Level 1.8 Maces & Flails
 + Level 1.8 Polearms
 + Level 1.8 Staves
 + Level 1.8 Slings
 + Level 6.8 Bows
 + Level 1.8 Crossbows
 + Level 1.8 Throwing
 + Level 6.8 Armour
 + Level 1.8 Dodging
 + Level 3.0 Stealth
 + Level 3.1 Shields
 + Level 1.8 Unarmed Combat
 + Level 1.8 Spellcasting
 + Level 1.4 Conjurations
 + Level 1.4 Hexes
 + Level 1.4 Summonings
 + Level 1.4 Necromancy
 + Level 1.4 Translocations
 + Level 1.4 Transmutations
 + Level 1.4 Fire Magic
 + Level 1.4 Ice Magic
 + Level 1.4 Air Magic
 + Level 1.4 Earth Magic
 + Level 1.4 Poison Magic
 + Level 2.0 Invocations
 + Level 1.8 Evocations


You had 8 spell levels left.
You didn't know any spells.
Your spell library contained the following spells:

 Spells                   Type           Power      Damage    Failure   Level
 Confusing Touch          Hex            4%         N/A       89%         3
 Gell's Gravitas          Tloc           2%         N/A       89%         3
 Petrify                  Tmut/Erth      4%         N/A       100%        4
 Metabolic Englaciation   Hex/Ice        2%         N/A       100%        5
 Yara's Violent Unravell  Hex/Tmut       2%         3d3       100%        5


Dungeon Overview and Level Annotations

Branches:
Dungeon (4/15)
 Temple: D:4-7

Altars:

Annotations:
D:3 Duvessa


Innate Abilities, Weirdness & Mutations

You have very sharp teeth.
Your uncanny sense of smell can sniff out nearby items.
Your experience applies equally to all skills.


Message History

a +0 robe; a +0 dagger
There is a stone staircase leading up here.
Duvessa hits you with a +0 short sword. Duvessa hits you but does no damage.
You climb upwards.
There is a stone staircase leading down here.
You feel a sense of dread.
a - a +2 vampiric whip (weapon)
You hit Duvessa but do no damage. Duvessa hits you but does no damage.
Duvessa closely misses you.
You barely miss Duvessa. Duvessa hits you with a +0 short sword!
You hit Duvessa but do no damage. Duvessa barely misses you.
Duvessa hits you with a +0 short sword!
* * * LOW HITPOINT WARNING * * *
You hit Duvessa.
You feel better.
You bite Duvessa.
Duvessa is lightly wounded.
Duvessa closely misses you.
You hit Duvessa. You bite Duvessa, but do no damage.
Duvessa is moderately wounded.
Duvessa is no longer berserk.
Duvessa hits you but does no damage. Duvessa barely misses you.
You hit Duvessa but do no damage.
Duvessa is lightly wounded.
Duvessa hits you with a +0 short sword.
* * * LOW HITPOINT WARNING * * *
You hit Duvessa but do no damage.
Duvessa is lightly wounded.
Unknown command.
You hit Duvessa.
Duvessa is moderately wounded.
Duvessa hits you with a +0 short sword.
* * * LOW HITPOINT WARNING * * *
You hit Duvessa.
You feel better.
You bite Duvessa, but do no damage.
Duvessa is moderately wounded.
Duvessa hits you with a +0 short sword!
* * * LOW HITPOINT WARNING * * *
You feel better.
You hit Duvessa but do no damage.
Duvessa is moderately wounded.
Duvessa hits you with a +0 short sword!
You die...

###.###.# #...# #.#
############# #.###
#.# #...........#
#.# #.#
#...........# #.#
#.# #...........#
#.# #.#
##...........# #.#
#.#
.............###.#
#.#
...............e@#
#.#
.................#
#.#
##...........###.#
#.# ###+######'##
#.#####.## #..#
#.####....^...#
#####.##
#.......#######
...##..# #.#####.#
...###.## #.#...#.#
...###..###.#.#.#.#


You could see Duvessa (slow).

Vanquished Creatures
  Dowan (D:4)
  A bullfrog zombie (D:3)
  A hound (D:3)
  Ijyb (D:3)
  2 hound skeletons
  4 gnolls
  An adder (D:4)
  2 dart slugs
  3 endoplasms
  5 hobgoblins
  3 jackals (D:3)
  3 kobolds
  4 quokkas
  2 bats
  2 frilled lizards (D:1)
  A rat (D:1)
36 creatures vanquished.

Notes
Turn   | Place    | Note
-------+----------+-------------------------------------------
     0 | D:1      | avis the Gnoll Wanderer began the quest for the Orb.
     0 | D:1      | avis set off with the following items: a +0 dagger, 2
                  | potions of curing, a +2 scale mail
     0 | D:1      | Reached XP level 1. HP: 20/20 MP: 1/1
   309 | D:1      | Found a faded altar of an unknown god.
   362 | D:1      | Reached XP level 2. HP: 20/26 MP: 2/2
   918 | D:2      | Reached XP level 3. HP: 27/31 MP: 2/4
  1815 | D:3      | Reached skill level 1 in Invocations
  2296 | D:2      | Reached skill level 1 in Short Blades
  2296 | D:2      | Reached skill level 1 in Long Blades
  2296 | D:2      | Reached skill level 1 in Axes
  2296 | D:2      | Reached skill level 1 in Maces & Flails
  2296 | D:2      | Reached skill level 1 in Polearms
  2296 | D:2      | Reached skill level 1 in Staves
  2296 | D:2      | Reached skill level 1 in Slings
  2296 | D:2      | Reached skill level 1 in Crossbows
  2296 | D:2      | Reached skill level 1 in Throwing
  2296 | D:2      | Reached skill level 1 in Dodging
  2296 | D:2      | Reached skill level 1 in Unarmed Combat
  2296 | D:2      | Reached skill level 1 in Spellcasting
  2296 | D:2      | Reached skill level 1 in Evocations
  2296 | D:2      | Reached XP level 4. HP: 14/38 MP: 5/5
  2704 | D:3      | Noticed Ijyb
  2709 | D:3      | Paralysed by Ijyb for 5 turns
  2718 | D:3      | Killed Ijyb
  2719 | D:3      | Reached skill level 1 in Conjurations
  2719 | D:3      | Reached skill level 1 in Hexes
  2719 | D:3      | Reached skill level 1 in Summonings
  2719 | D:3      | Reached skill level 1 in Necromancy
  2719 | D:3      | Reached skill level 1 in Translocations
  2719 | D:3      | Reached skill level 1 in Transmutations
  2719 | D:3      | Reached skill level 1 in Fire Magic
  2719 | D:3      | Reached skill level 1 in Ice Magic
  2719 | D:3      | Reached skill level 1 in Air Magic
  2719 | D:3      | Reached skill level 1 in Earth Magic
  2719 | D:3      | Reached skill level 1 in Poison Magic
  2947 | D:3      | Reached XP level 5. HP: 41/43 MP: 5/7
  3129 | D:4      | Noticed Dowan
  3130 | D:4      | Noticed Duvessa
  3168 | D:4      | Killed Dowan
  3169 | D:4      | Reached XP level 6. HP: 48/50 MP: 8/8
  3256 | D:3      | HP: 2/50 [Duvessa (8)]
  3258 | D:3      | Slain by Duvessa

Illustrated notes

Levels and vault maps discovered:
D:1:      onia_arrival_mini_spirals, layout_loops_ring,
          ebering_ecumenical_altar_petrified
D:2:      layout_basic
D:3:      layout_basic, kennysheep_generic_room_11, uniq_ijyb
D:4:      layout_cave_pods, lemuel_temple_firewalk_b, solitary_fountain,
          grunt_decor_one_mirror, minmay_liquid_box, bh_walls_and_bars,
          uniq_duvessa

Skill      XL: |  1  2  3  4  5  6 |
---------------+-------------------+-----
Invocations    | 1 2 |  2.0
Short Blades   | 1 |  1.8
Long Blades    | 1 |  1.8
Axes           | 1 |  1.8
Maces & Flails | 1 |  1.8
Polearms       | 1 |  1.8
Staves         | 1 |  1.8
Slings         | 1 |  1.8
Crossbows      | 1 |  1.8
Throwing       | 1 |  1.8
Dodging        | 1 |  1.8
Unarmed Combat | 1 |  1.8
Spellcasting   | 1 |  1.8
Evocations     | 1 |  1.8
Conjurations   | 1 |  1.4
Hexes          | 1 |  1.4
Summonings     | 1 |  1.4
Necromancy     | 1 |  1.4
Translocations | 1 |  1.4
Transmutations | 1 |  1.4
Fire Magic     | 1 |  1.4
Ice Magic      | 1 |  1.4
Air Magic      | 1 |  1.4
Earth Magic    | 1 |  1.4
Poison Magic   | 1 |  1.4
Shields        | 3 |  3.1
Stealth        | 3 |  3.0
Fighting       | |  4.9
Bows           | |  6.8
Armour         | |  6.8

Action                   |  1- 3 |  4- 6 || total
-------------------------+-------+-------++-------
Melee: Dagger            |    36 |    18 ||    54
       Bite              |    17 |    11 ||    28
       Whip              |    64 |    78 ||   142
  Use: Potion            |       |     1 ||     1
Armor: Scale mail        |    52 |    56 ||   108
Dodge: Dodged            |    71 |    43 ||   114

Table legend: (Time is in decaauts)
 A = Elapsed time spent in this place.
 B = Non-inter-level travel time spent in this place.
 C = Inter-level travel time spent in this place.
 D = Time resting spent in this place.
 E = Time spent auto-exploring this place.
 F = Levels seen in this place.
 G = Mean time per level.
                   A        B        C        D        E       F      G
               +--------+--------+--------+--------+--------+-----+--------+
         Total |   3268 |   3010 |    258 |    600 |   1818 |   4 |  817.0 |
       Dungeon |   3268 |   3010 |    258 |    600 |   1818 |   4 |  817.0 |
               +--------+--------+--------+--------+--------+-----+--------+

Top non-repeatable levels by time:
     D:2: 1250 daAuts
     D:3: 1064 daAuts
     D:1: 808 daAuts
     D:4: 146 daAuts
